 Dungeon Crawl Stone Soup version 0.30-a0-359-gd0147acb1a (webtiles) character file.

Game seed: 12939850049773414291

1493 oldriver the Thaumaturge (level 8, -11/54 HPs)
             Began as a Mummy Necromancer on Nov 12, 2022.
             Was a Priest of Hepliaklqana.
             Engulfed by a steam dragon's steam (12 damage)
             ... on level 6 of the Dungeon.
             The game lasted 00:09:32 (6455 turns).

oldriver the Thaumaturge (Mummy Necromancer)        Turns: 6455, Time: 00:09:33

Health: -11/54     AC:  8    Str: 15    XL:     8   Next: 51%
Magic:  19/20      EV: 12    Int: 17    God:    Hepliaklqana [***...]
Gold:   257        SH:  0    Dex: 12    Spells: 14/24 levels left

rFire   x . .      SeeInvis +    l - +12 rapier "Ysaeck Yhost" {vorpal, rCorr Str+4}
rCold   + . .      Faith    +    (no shield)
rNeg    + + +      Spirit   .    a - +0 robe
rPois   ∞          Reflect  .    (no helmet)
rElec   .          Harm     .    (no cloak)
rCorr   +          Rampage  .    c - +1 pair of gloves
Will    +....                    (no boots)
Stlth   ++........               (no amulet)
HPRegen 0.29/turn                b - ring of see invisible
MPRegen 0.17/turn                f - +4 ring of protection

@: no status effects
A: reduced essence, cold resistance 1, negative energy resistance 3, torment
resistance 2, heat vulnerability 1, in touch with death 1, no potions, faith
a: Renounce Religion, Recall Ancestor, Ancestor Identity, Transference


You were on level 6 of the Dungeon.
You worshipped Hepliaklqana.
Hepliaklqana was most pleased with you.
You visited 1 branch of the dungeon, and saw 6 of its levels.
You also visited: Sewer.

You collected 257 gold pieces.

Inventory:

Hand Weapons
 l - the +12 rapier "Ysaeck Yhost" (weapon) {vorpal, rCorr Str+4}
   (You found it on level 3 of the Dungeon)

   It inflicts extra damage upon your enemies.
   Str:       It affects your strength (+4).
   rCorr:     It protects you from acid and corrosion.
Armour
 a - a +0 robe (worn)
 c - a +1 pair of gloves (worn)
Magical Staves
 d - a staff of poison
Jewellery
 b - a ring of see invisible (left hand)
 f - a +4 ring of protection (right hand)
 o - a ring of wizardry
 r - a +4 ring of slaying
Wands
 g - a wand of charming (5)
 q - a wand of polymorph (9)
Scrolls
 e - 3 scrolls of magic mapping
 h - 2 scrolls of noise
 i - a scroll of fear
 j - a scroll of butterflies
 k - a scroll of blinking
 m - a scroll of poison
 n - a scroll of vulnerability
 p - a scroll of silence


   Skills:
 + Level 4.6 Fighting
 - Level 1.5 Dodging
 - Level 1.5 Stealth
 * Level 8.6 Spellcasting
 - Level 3.0 Summonings
 * Level 6.6 Necromancy


You had 14 spell levels left.
You knew the following spells:

 Your Spells              Type           Power      Damage    Failure   Level
a - Necrotise             Necr           100%       1d9       1%          1
b - Vampiric Draining     Necr           44%        2d9       1%          3
c - Call Imp              Summ           17%        N/A       4%          2
d - Dispel Undead         Necr           44%        3d17      6%          4

Your spell library contained the following spells:

 Spells                   Type           Power      Damage    Failure   Level
 Cigotuvi's Dreadful Rot  Necr/Pois/Air  44%        N/A       6%          2
 Animate Dead             Necr           44%        N/A       6%          4
 Magic Dart               Conj           28%        1d4       10%         1
 Agony                    Necr           44%        N/A       19%         5
 Mephitic Cloud           Conj/Pois/Air  7%         N/A       30%         3
 Death Channel            Necr           22%        N/A       69%         6
 Lightning Bolt           Conj/Air       3%         1d15      95%         5
 Conjure Ball Lightning   Conj/Air       3%         3x3d7     100%        6
 Summon Hydra             Summ           8%         N/A       100%        7
 Discord                  Hex            3%         N/A       100%        8
 Disjunction              Tloc           3%         N/A       100%        8
 Sublimation of Blood     Necr           Unusable   N/A       N/A         2
 Wereblood                Tmut           Unusable   N/A       N/A         2

Dungeon Overview and Level Annotations

Branches:
Dungeon (6/15)             Temple (0/1) D:4           Sewer (visited)

Altars:
Hepliaklqana
Yredelemnul

Annotations:
D:6 Eustachio


Innate Abilities, Weirdness & Mutations

Your life essence is reduced to manifest your ancestor. (-10% HP)
You are immune to poison.
Your flesh is cold resistant. (rC+)
You are immune to negative energy. (rN+++)
You are immune to unholy pain and torment.
You are vulnerable to heat. (rF-)
You are in touch with the powers of death.
You do not drink.
You have a special connection with the divine. (Faith)


Message History

As you read the scroll of identify, it crumbles to dust.
m - a scroll of poison
As you read the scroll of identify, it crumbles to dust.
n - a scroll of vulnerability
As you read the scroll of identify, it crumbles to dust.
p - a scroll of silence
Okay, then.
You swap places.
j - a scroll of butterflies A steam dragon comes into view.
A steam dragon is nearby!
A steam dragon is nearby!
As you read the scroll labelled HIZXASSE FEBOTHU, it crumbles to dust.
You feel aware of your surroundings.
It was a scroll of magic mapping.
You feel a surge of power! Zolin avoids your attack.
The steam dragon barely resists.
The steam dragon closely misses Zolin.
The steam dragon barely misses Zolin.
You feel a surge of power! Zolin avoids your attack.
The steam dragon writhes in agony.
Zolin barely misses the steam dragon.
The steam dragon breathes steam at you.
The ball of steam hits Zolin.
Zolin resists.
The ball of steam hits you! The steam scalds you terribly!
You can't see any susceptible monsters within range! (Use Z to cast anyway.)
You can't see any susceptible monsters within range! (Use Z to cast anyway.)
You start resting.
You're standing in a cloud of steam!
You can't see any susceptible monsters within range! (Use Z to cast anyway.)
You can't see any susceptible monsters within range! (Use Z to cast anyway.) Zolin hits the steam dragon with a +0 flail!
The steam dragon breathes steam at you.
The ball of steam hits Zolin.
Zolin resists.
The ball of steam hits you!! The steam scalds you terribly!
You hear a shout!
You are engulfed in a cloud of scalding steam.
* * * LOW HITPOINT WARNING * * *
Eustachio the Magnificent comes into view.
He is wielding a +0 rapier.
You are engulfed in a cloud of scalding steam.
You die...

#################.#.#*****,******
#.#.#,,,,,,,,,,,,
#.#.#,****,*,,,,, #.#R#,*
*,*,,,,, #### #...#,* *,,,*,,,
...# ###########,******,*,,, ...#
#........,,,,,,,,,,*<,,
...########.#########.##******,,,
......DR§.DR§§§§@§......,,,,,,,,,
###########.#########@#.,,,,,*,*,
**********#.# *,******,*,*,
,,,,,,,,,,..# *******,,,,,,,,,,*,
*********####**,,,*,,,,,,,,,,***,
,,,,,,,,,,,,,,,,,,,,,,,,,,,,,*,,,
,,,,,,,,,,*****,,,*,,,,,,,,,**,**
,********,* *,,,*,,,,,,,,,,,,,,
,* *,* *,,,*,,,,,,,,,,*,**


You could see Eustachio.

Vanquished Creatures
  Grinder (D:3)
  A water moccasin (D:5)
  An ogre (D:4)
  A phantom (D:5)
  2 bullfrogs
  3 hounds
  An orc priest (D:5)
  A jelly (D:4)
  An iguana (D:5)
  Natasha (twice) (D:2)
  11 adders
  3 ufetubi (D:4)
  A worm (D:3)
  4 dart slugs
  2 orcs
  An endoplasm (D:3)
  10 giant cockroaches
  5 goblins
  10 hobgoblins
  11 jackals
  11 quokkas
  6 ball pythons
  11 bats
  9 frilled lizards
  6 kobolds
  4 rats
119 creatures vanquished.

Vanquished Creatures (collateral kills)
  An orc warrior (D:5)
  A bullfrog (Sewer)
  2 scorpions (D:5)
  A hound (D:5)
  A jelly (D:5)
  Natasha (D:2)
  2 orc wizards (D:5)
  3 adders
  A shadow imp (D:5)
  2 ufetubi
  A worm (D:3)
  A dart slug (D:4)
  An endoplasm (D:3)
  A goblin (D:4)
  A jackal (D:2)
  5 ball pythons
  A bat (D:1)
  3 frilled lizards (Sewer)
  A rat (D:2)
30 creatures vanquished.

Grand Total: 149 creatures vanquished

Notes
Turn   | Place    | Note
-------+----------+-------------------------------------------
     0 | D:1      | oldriver the Mummy Necromancer began the quest for the Orb.
     0 | D:1      | Reached XP level 1. HP: 13/13 MP: 4/4
    90 | D:1      | Reached skill level 3 in Spellcasting
   384 | D:1      | Reached XP level 2. HP: 20/20 MP: 1/6
  1034 | D:1      | Reached skill level 1 in Fighting
  1109 | D:1      | Gained mutation: You are in touch with the powers of death.
                  | [Mummy growth]
  1109 | D:1      | Reached XP level 3. HP: 21/26 MP: 1/8
  1615 | D:2      | Found a faded altar of an unknown god.
  1722 | D:2      | Noticed Natasha
  1725 | D:2      | Killed Natasha
  1726 | D:2      | Reached skill level 4 in Spellcasting
  1742 | D:2      | Noticed Natasha
  1750 | D:2      | Killed Natasha
  1751 | D:2      | Reached XP level 4. HP: 25/33 MP: 1/10
  1777 | D:2      | Noticed Natasha
  1785 | D:2      | Killed Natasha
  1978 | D:2      | Learned a level 3 spell: Vampiric Draining
  1981 | D:2      | Learned a level 2 spell: Call Imp
  2112 | D:2      | Reached XP level 5. HP: 38/38 MP: 8/12
  2174 | D:2      | Reached skill level 5 in Spellcasting
  2508 | D:3      | Found a basalt altar of Yredelemnul.
  2530 | D:3      | Found a hazy altar of Hepliaklqana.
  2538 | D:3      | Became a worshipper of Hepliaklqana the Forgotten
  2574 | D:3      | Noticed Grinder
  2581 | D:3      | Paralysed by Grinder for 3 turns
  2686 | D:3      | Found a glowing drain.
  2715 | Sewer    | Entered a sewer
  3191 | Sewer    | Reached skill level 1 in Summonings
  3191 | Sewer    | Reached XP level 6. HP: 36/46 MP: 2/14
  3193 | Sewer    | Reached skill level 5 in Necromancy
  3290 | Sewer    | Identified the +7 falchion of the Ancient Realms {spect,
                  | rN+}
  3297 | Sewer    | Got Ynoggug's Directory of Feathery Transmigration
  3679 | D:3      | Paralysed by Grinder for 5 turns
  3685 | D:3      | Killed Grinder
  3686 | D:3      | Reached skill level 6 in Spellcasting
  3686 | D:3      | Reached XP level 7. HP: 51/52 MP: 8/16
  3850 | D:3      | Reached * piety under Hepliaklqana
  3957 | D:3      | Identified the +12 rapier "Ysaeck Yhost" {vorpal, rCorr
                  | Str+4}
  4507 | D:4      | Reached skill level 7 in Spellcasting
  4887 | D:4      | Reached ** piety under Hepliaklqana
  4888 | D:4      | Remembered your ancestor Zolin as a knight
  4947 | D:4      | Found a staircase to the Ecumenical Temple.
  5137 | D:5      | Entered Level 5 of the Dungeon
  5261 | D:5      | Reached XP level 8. HP: 54/54 MP: 14/19
  5295 | D:5      | Learned a level 4 spell: Dispel Undead
  5383 | D:5      | Reached skill level 8 in Spellcasting
  5933 | D:5      | Reached *** piety under Hepliaklqana
  6454 | D:6      | HP: 1/54 [something] (18)]
  6454 | D:6      | Noticed Eustachio
  6455 | D:6      | Engulfed by a steam dragon's steam

Illustrated notes

Levels and vault maps discovered:
D:1:      mrwooster_arrival_statue, layout_basic
D:2:      layout_basic, dreamdust_ecumenical_altar_statues,
          hangedman_decor_diamond_cutter, uniq_natasha
D:3:      layout_basic, mainiacjoe_overflow_large_starburst,
          cheibrodos_sewer_entry_bend, uniq_grinder
D:4:      layout_gridville, temple_doors_cd
D:5:      layout_basic, serial_rivers, chequers_serial_rivers_small_3,
          chequers_serial_rivers_micro_e, chequers_serial_rivers_micro_e,
          chequers_serial_rivers_room_b
D:6:      layout_basic, roderic_batcave, uniq_eustachio

Skill      XL: |  1  2  3  4  5  6  7  8 |
---------------+-------------------------+-----
Spellcasting   | 3 4 5 6 7 8 |  8.6
Fighting       | 1 2 3 4 |  4.6
Summonings     | 1 2 3 |  3.0
Necromancy     | 5 6 |  6.6
Dodging        | |  1.5
Stealth        | |  1.5

Action                   |  1- 3 |  4- 6 |  7- 9 || total
-------------------------+-------+-------+-------++-------
Melee: Unarmed           |     1 |       |       ||     1
       Staff             |     8 |     4 |       ||    12
       Falchion          |       |     2 |       ||     2
       Rapier            |       |       |     8 ||     8
 Cast: Necrotise         |    64 |    95 |    94 ||   253
       Call Imp          |       |    13 |    15 ||    28
       Vampiric Draining |       |     2 |     2 ||     4
       Dispel Undead     |       |       |     1 ||     1
Invok: Ancestor Life: Kn |       |       |     1 ||     1
  Use: Scroll            |       |     5 |     5 ||    10
 Stab: Distracted        |       |       |     1 ||     1
Armor: Robe              |     7 |     6 |    16 ||    29
Dodge: Dodged            |    27 |    22 |    32 ||    81

Table legend: (Time is in decaauts)
 A = Elapsed time spent in this place.
 B = Non-inter-level travel time spent in this place.
 C = Inter-level travel time spent in this place.
 D = Time resting spent in this place.
 E = Time spent auto-exploring this place.
 F = Levels seen in this place.
 G = Mean time per level.
                   A        B        C        D        E       F      G
               +--------+--------+--------+--------+--------+-----+--------+
         Total |   6551 |   6345 |    206 |    142 |   5204 |   7 |  935.9 |
       Dungeon |   5670 |   5464 |    206 |     49 |   4607 |   6 |  945.0 |
         Sewer |    880 |    880 |      0 |     93 |    596 |   1 |  880.0 |
               +--------+--------+--------+--------+--------+-----+--------+

Top non-repeatable levels by time:
     D:1: 1602 daAuts
     D:5: 1250 daAuts
     D:2: 927 daAuts
     D:3: 920 daAuts
     D:4: 899 daAuts
   Sewer: 880 daAuts
     D:6: 70 daAuts
